Map: Dasan Station LE

Players

LiquidMaNa (MaNa) - Winner!

  • Race: Protoss Protoss
  • League: Master

Reynor

  • Race: Zerg Zerg
  • League: Master

Event: DreamHack ZOWIE Open Valencia 2016

VOD

Have the link to the VOD?

Description

Time

  • Played on: July 14, 2016, 1:04 p.m.
  • Length: 15:11

All games in this series

Show
View Real Time Build Order
Export as new Build Order

LiquidMaNa Protoss - Winner!

Build Orders: Oracle Opening 

Get SALT Encoding   

  12  0:00  Probe (Chrono Boost)  
  13  0:11  Probe (Chrono Boost)  
  14  0:17  Pylon  
  14  0:22  Probe (Chrono Boost)  
  15  0:36  Probe (Chrono Boost)  
  15  0:37  Gateway  
  16  0:43  Assimilator  
  16  0:46  Probe (Chrono Boost)  
  17  0:57  Probe (Chrono Boost)  
  18  1:08  Probe (Chrono Boost)  
  20  1:21  Zealot  
  20  1:24  Cybernetics Core  
  21  1:27  Pylon  
  21  1:49  Nexus  
  21  1:53  Probe (Chrono Boost)  
  22  1:57  Adept  
  24  2:05  Probe (Chrono Boost)  
  25  2:13  Warp Gate  
  25  2:15  Assimilator  
  25  2:17  Probe (Chrono Boost)  
  26  2:23  Adept  
  26  2:28  Probe (Chrono Boost)  
  29  2:36  Pylon  
  29  2:48  Pylon  
  29  2:54  Probe (Chrono Boost)  
  29  3:06  Probe (Chrono Boost)  
  29  3:08  Adept  
  29  3:11  Stargate  
  32  3:16  Probe (Chrono Boost)  
  32  3:27  Probe (Chrono Boost)  
  32  3:37  Probe (Chrono Boost)  
  33  3:46  Gateway  
  33  3:47  Probe (Chrono Boost)  
  33  3:48  Probe (Chrono Boost)  
  33  3:52  Oracle  
  33  3:53  Assimilator  
  33  3:59  Probe (Chrono Boost)  
  33  4:00  Mothership Core (Chrono Boost)  
  38  4:11  Probe (Chrono Boost)  
  38  4:17  Pylon  
  38  4:18  Adept  
  38  4:19  Probe (Chrono Boost)  
  38  4:22  Probe (Chrono Boost)  
  42  4:29  Pylon, Probe (Chrono Boost)  
  43  4:32  Probe (Chrono Boost)  
  44  4:40  Probe (Chrono Boost)  
  44  4:41  Fleet Beacon  
  45  4:49  Adept  
  45  4:50  Probe (Chrono Boost)  
  48  4:58  Probe (Chrono Boost)  
  49  5:00  Probe (Chrono Boost)  
  49  5:01  Zealot  
  49  5:08  Oracle  
  49  5:10  Stargate  
  52  5:14  Assimilator  
  52  5:16  Probe (Chrono Boost)  
  52  5:19  Probe (Chrono Boost)  
  54  5:31  Probe (Chrono Boost)  
  54  5:33  Probe (Chrono Boost)  
  56  5:39  Tempest  
  56  5:41  Stalker  
  58  5:47  Pylon  
  62  5:55  Pylon  
  61  6:02  Tempest  
  61  6:05  Pylon  
  65  6:15  Adept x2  
  65  6:18  Tempest  
  69  6:22  Probe x2 (Chrono Boost)  
  77  6:34  Probe x2 (Chrono Boost)  
  77  6:42  Tempest  
  76  6:50  Sentry, Adept  
  76  6:52  Gateway  
  84  7:10  Pylon  
  84  7:12  Pylon  
  84  7:17  Tempest  
  84  7:26  Tempest  
  87  7:42  Nexus  
  87  7:45  Adept x2  
  90  7:54  Tempest  
  90  7:58  Gateway  
  90  8:01  Gateway  
  94  8:09  Zealot x2  
  98  8:22  Nexus  
  98  8:31  Pylon  
  98  8:32  Pylon  
  98  8:34  Adept  
  98  8:35  Zealot  
  101  8:59  Pylon  
  101  9:00  Pylon  
  101  9:02  Pylon  
  101  9:18  Phoenix  
  101  9:19  Phoenix  
  105  9:27  Anion Pulse-Crystals  
  105  9:30  Stalker x4  
  111  9:40  Phoenix x2  
  111  9:44  Nexus  
  115  9:50  Pylon  
  115  9:53  Sentry x2  
  115  9:54  Pylon  
  115  9:55  Stalker  
  115  9:56  Stalker  
  123  10:03  Phoenix  
  123  10:05  Phoenix  
  133  10:55  Pylon  
  126  11:02  Sentry x2, Adept  
  88  11:24  Pylon  
  58  11:33  Stalker  
  44  11:52  Gateway  
  42  11:55  Gateway  
  42  11:58  Gateway x2  
  38  12:05  Zealot  
  40  12:09  Assimilator  
  40  12:11  Assimilator  
  29  12:33  Zealot  
  29  12:41  Probe (Chrono Boost)  
  23  12:51  Probe (Chrono Boost)  
  23  12:54  Stalker, Sentry, Zealot  
  23  12:55  Zealot  
  31  13:02  Probe (Chrono Boost)  
  29  13:05  Zealot  
  29  13:12  Probe (Chrono Boost)  
  32  13:21  Stalker x2  
  32  13:23  Probe (Chrono Boost)  
  31  14:06  Probe (Chrono Boost)  
  33  14:17  Probe (Chrono Boost)  
  33  14:21  Sentry x2, Zealot x2  
  39  14:29  Zealot  
  33  14:50  Probe (Chrono Boost)  
  34  15:00  Probe (Chrono Boost)  
Show
View Real Time Build Order
Export as new Build Order

Reynor Zerg 

Build Orders: Pool First 

Get SALT Encoding   

  12  0:00  Drone  
  13  0:21  Spawning Pool  
  13  0:25  Drone  
  13  0:30  Drone  
  14  0:36  Drone, Extractor  
  14  0:40  Extractor  
  14  0:43  Extractor  
  14  0:44  Drone  
  14  0:48  Overlord  
  16  1:09  Zergling x4  
  18  1:15  Queen  
  20  1:19  Zergling x2  
  21  1:31  Zergling x2  
  22  1:42  Overlord  
  22  2:00  Overlord  
  22  2:02  Drone  
  23  2:13  Drone  
  23  2:23  Drone  
  23  2:24  Queen  
  25  2:33  Drone x2  
  25  2:34  Drone  
  25  2:36  Drone  
  29  2:41  Hatchery  
  27  2:47  Zergling x2  
  28  2:54  Extractor  
  28  2:57  Drone  
  28  3:03  Zergling x6  
  31  3:10  Drone  
  32  3:19  Hatchery  
  31  3:21  Drone  
  31  3:32  Drone x3  
  31  3:45  Drone  
  32  3:54  Queen  
  32  3:55  Drone x2  
  36  4:00  Metabolic Boost  
  36  4:04  Drone x2  
  36  4:06  Queen  
  40  4:14  Overlord  
  40  4:15  Drone  
  41  4:18  Evolution Chamber  
  41  4:20  Drone  
  41  4:23  Drone x2  
  43  4:29  Overlord  
  43  4:33  Drone x5  
  48  4:39  Zergling x2  
  48  4:42  Zergling x2  
  48  4:43  Zergling x2  
  51  4:47  Spore Crawler, Queen  
  51  4:52  Drone x2  
  48  4:56  Drone  
  48  5:03  Zergling x4  
  48  5:05  Drone  
  51  5:08  Zergling x2  
  51  5:10  Zergling x2  
  51  5:11  Drone  
  54  5:15  Drone  
  54  5:16  Drone  
  54  5:18  Drone  
  57  5:21  Overlord  
  57  5:23  Drone  
  57  5:28  Drone x2  
  60  5:31  Drone x2  
  60  5:33  Drone  
  63  5:39  Overlord  
  63  5:40  Drone x2  
  65  5:42  Spore Crawler  
  65  5:45  Drone x2  
  65  5:47  Overlord  
  66  5:50  Zergling x4  
  66  5:52  Drone  
  66  5:54  Drone x2  
  66  5:56  Extractor  
  70  5:57  Drone  
  70  5:58  Drone  
  70  5:59  Drone  
  73  6:05  Zergling x4  
  73  6:06  Drone  
  73  6:07  Spore Crawler  
  73  6:11  Zergling x6  
  78  6:16  Zergling x2  
  78  6:17  Drone x3  
  78  6:18  Drone  
  82  6:19  Drone  
  82  6:22  Lair  
  83  6:28  Zergling x2  
  83  6:29  Overlord  
  83  6:31  Drone  
  85  6:38  Overlord  
  85  6:43  Zergling x2  
  85  6:44  Zergling x6  
  85  6:46  Overlord  
  89  6:47  Overlord  
  89  6:49  Queen  
  91  6:55  Drone x3  
  91  6:56  Overlord  
  91  6:58  Zergling x2  
  95  7:02  Drone  
  95  7:03  Drone x2  
  95  7:04  Zerg Melee Weapons Level 1  
  95  7:06  Overlord  
  95  7:07  Zergling x6  
  100  7:09  Zergling x2  
  100  7:10  Extractor  
  100  7:13  Drone, Extractor, Overlord  
  100  7:15  Zergling x6  
  102  7:18  Queen  
  102  7:20  Overlord  
  104  7:24  Zergling x4  
  104  7:29  Zergling x6  
  109  7:33  Spore Crawler  
  109  7:34  Spore Crawler  
  109  7:35  Drone x3  
  110  7:37  Spire  
  110  7:38  Queen  
  110  7:41  Drone  
  109  7:54  Extractor  
  108  7:59  Zergling x14  
  108  8:03  Overlord  
  115  8:10  Overlord  
  115  8:12  Hatchery  
  102  8:53  Mutalisk x4  
  102  8:54  Mutalisk x5  
  120  8:56  Queen  
  120  8:59  Mutalisk  
  120  9:02  Zergling x2  
  125  9:03  Zergling x12  
  125  9:05  Extractor x2  
  125  9:06  Mutalisk  
  131  9:15  Mutalisk  
  132  9:18  Zergling x6  
  130  9:24  Mutalisk  
  130  9:30  Queen  
  134  9:35  Mutalisk  
  134  9:37  Zergling x2  
  134  9:38  Zergling x6  
  140  9:41  Mutalisk  
  140  9:49  Zergling x2  
  141  9:53  Mutalisk  
  141  9:58  Mutalisk  
  145  10:00  Zergling x4  
  145  10:03  Corruptor  
  146  10:09  Zergling x4  
  146  10:11  Corruptor  
  149  10:14  Zergling x4  
  151  10:22  Overlord  
  151  10:25  Overlord  
  145  10:38  Overlord  
  145  10:41  Corruptor  
  144  10:46  Corruptor  
  141  10:52  Corruptor  
  141  10:57  Corruptor  
  142  10:59  Zergling x2  
  109  11:18  Zergling x4  
  39  12:28  Drone x3  
  25  13:00  Hydralisk Den  
  25  13:05  Zergling x4  
  17  13:13  Zergling x2  
  17  13:17  Zergling x2  
  17  13:20  Zergling x2  
  17  13:24  Zergling x2  
  17  13:34  Zergling x2  
  18  13:41  Zergling x2  
  16  14:23  Zergling x2  
  17  14:37  Hydralisk  
  13  14:47  Hydralisk  
  15  14:53  Zergling x2  

Tags
 
Add a new tag
Caveats
  • Supply blocks, unpowered buildings, or Contaminate may cause inaccurate times.
  • Supply counts are checked every 10 seconds.